[Event "GrandPrix_30.05"]
[Site "Chess.com"]
[Date "2020.05.30"]
[Round "7"]
[White "gygygygygyggygygygy"]
[Black "madamDD"]
[Result "1-0"]
[WhiteElo "2081"]
[BlackElo "2251"]
[TimeControl "600+2"]
[EndTime "11:28:40 PDT"]
[Termination "gygygygygyggygygygy won by resignation"]

1. e4 Nf6 2. Nc3 d6 3. g3 c5 4. Bg2 Nc6 5. Nge2 g6 6. d4 cxd4 7. Nxd4 Bd7 8. Nde2 Bg7 9. O-O O-O 10. Nd5 Nxd5 11. exd5 Ne5 12. Rb1 Qc8 13. b3 Bg4 14. f3 Bh3 15. Be3 Bxg2 16. Kxg2 b5 17. h3 a5 18. Rc1 Qb7 19. Qd2 Rfc8 20. Rfd1 a4 21. Nf4 axb3 22. cxb3 b4 23. Rxc8+ Rxc8 24.
Rc1 Rxc1 25. Qxc1 g5 26. Ne2 Qxd5 27. Qc8+ Bf8 28. Nd4 h6 29. h4 g4 30. Bxh6 gxf3+ 31. Kh3 Nd7 32. Bxf8 f2 33. Bh6+ Kh7 34. Qc2+ Kxh6 35.
Qd2+ Kg6 36. Qxf2 Qh1+ 37. Qh2 Qe4 38. Qc2 f5 39. Qxe4 fxe4 40. Nc6 e5 41. Nxb4 e3 42. Kg2 Nf6 43. Kf3 d5 44. Kxe3 d4+ 45. Kd3 Kf5 46. Nc6 Ng4 47. Nxd4+ exd4 48. Kxd4 Nf6 49. a4 Kg4 50. a5 Ne8 51. Kc5 Kxg3 52. Kc6 1-0

[Event "GrandPrix_30.05"]
[Site "Chess.com"]
[Date "2020.05.30"]
[Round "7"]
[White "KJakubowski"]
[Black "VolodymyrMolyboha"]
[Result "0-1"]
[WhiteElo "2298"]
[BlackElo "2243"]
[TimeControl "600+2"]
[EndTime "11:28:42 PDT"]
[Termination "VolodymyrMolyboha won on time"]

1. e4 g6 2. d4 Bg7 3. Nc3 d6 4. Be3 a6 5. Qd2 b5 6. O-O-O Bb7 7. f3 Nd7 8. g4 h5 9. gxh5 Rxh5 10. Nce2 c5 11.
Ng3 Rh4 12. c3 Rc8 13. Kb1 cxd4 14. cxd4 Nb6 15. b3 Bh6 16. Bxh6 Rxh6 17. h4 e6 18. h5 Qf6 19. Bh3 gxh5 20. d5 h4 21. dxe6 hxg3 22. Qxd6 Qc3 23. Ne2 Qc2+ 24. Ka1 Qxe2 25. Qxb6 Qc2 26.
exf7+ Kxf7 27. Qxb7+ Ne7 28. Bxc8 Rxh1 29. Rxh1 Qc3+ 30. Kb1 g2 31. Be6+ Kxe6 32. Qb6+ Kf7 33. Rc1 Qxf3 34. Qd4 Qg4 35. Qf2+ Kg7 36. Kb2 Ng6 37. e5 Nxe5 38. Rg1 Nd3+ 0-1

[Event "GrandPrix_30.05"]
[Site "Chess.com"]
[Date "2020.05.30"]
[Round "7"]
[White "Guenplen"]
[Black "GadimbayliA"]
[Result "0-1"]
[WhiteElo "2559"]
[BlackElo "2584"]
[TimeControl "600+2"]
[EndTime "11:28:57 PDT"]
[Termination "GadimbayliA won by checkmate"]

1. d4 d5 2. Bf4 Nf6 3. e3 Nc6 4. c4 e6 5. Nc3 Bd6 6. Bg3 O-O 7. Nf3 Ne4 8. Bd3 Nxc3 9. bxc3 dxc4 10. Bxc4 b6 11. Bd3 Bb7 12. O-O Na5 13. Ne5 c5 14.
Qh5 f5 15. Rfd1 Qe7 16. dxc5 Bxc5 17. Bb5 a6 18. Rd7 Qf6 19. Be2 Bc6 20. Rd2 Ba4 21.
Rf1 Rad8 22. Bh4 Rxd2 23. Bxf6 gxf6 24. Nc4 Rxe2 25. Qxe2 Bb5 26. Rd1 Nxc4 27. Qf3 Ne5 28. Qb7 Bc4 29. h3 Kh8 30. Kh2 a5 31. f4 Nd3 32.
Qc7 Rg8 33. Qf7 Rf8 34. Qc7 e5 35. Rd2 e4 36. g4 Bxe3 37. Rxd3 Bxd3 38. Qe7 Bc5 39.
Qe6 e3 40. g5 e2 41. gxf6 Be4 42. f7 Bg1+ 43. Kg3 e1=Q# 0-1

[Event "GrandPrix_30.05"]
[Site "Chess.com"]
[Date "2020.05.30"]
[Round "7"]
[White "Promacherr"]
[Black "chessfreak35"]
[Result "0-1"]
[WhiteElo "2204"]
[BlackElo "2460"]
[TimeControl "600+2"]
[EndTime "11:28:57 PDT"]
[Termination "chessfreak35 won by resignation"]

1. e4 e5 2. Nf3 Nc6 3. Bb5 Nf6 4. O-O Nxe4 5. Re1 Nd6 6. Nxe5 Be7 7. Bf1 Nxe5 8. Rxe5 O-O 9. d4 Bf6 10. Re1 Re8 11.
Rxe8+ Nxe8 12. d5 b6 13. Nd2 Nd6 14. Nf3 Bb7 15. c4 Qe7 16. Bd3 c6 17. Bf4 cxd5 18. cxd5 Rc8 19. Qa4 Bxd5 20. Re1 Be6 21. Qxa7 Nc4 22. b3 Nb2 23. Ba6 Re8 24. Bb5 Qb4 25. Rxe6 Rxe6 26. Qxd7 h6 27. Be3 Rd6 28. Qe8+ Kh7 29. h3 Re6 30. Qd7 Rd6 31. Qe8 Nd1 32.
Bd7 Nxe3 33. fxe3 Rd1+ 34. Kf2 Qe7 35. Qxe7 Bxe7 36. Bb5 Bc5 37. Bc4 f5 38. Ke2 Ra1 39. a4 Ra2+ 40. Kd3 Rxg2 41. Be6 g6 42. h4 Kg7 43.
Bd5 Rg3 44. Ke2 g5 45. hxg5 hxg5 46. e4 g4 47. Nh4 Re3+ 48. Kd2 Kf6 49. Nxf5 Rf3 50.
Nh4 Rf2+ 51. Ke1 g3 52. Bc6 Ke5 53. Bb5 Bb4+ 54. Kd1 g2 55. Nxg2 Rxg2 0-1

[Event "GrandPrix_30.05"]
[Site "Chess.com"]
[Date "2020.05.30"]
[Round "7"]
[White "Sakkcapak"]
[Black "Yuri202062"]
[Result "0-1"]
[WhiteElo "2121"]
[BlackElo "2073"]
[TimeControl "600+2"]
[EndTime "11:29:03 PDT"]
[Termination "Yuri202062 won by resignation"]

1. c4 e6 2. g3 d5 3. Bg2 Nf6 4.
Nf3 dxc4 5. Qa4+ Nbd7 6. Qxc4 a6 7. Qc2 c5 8. a4 b6 9. O-O Bb7 10. Nc3 Be7 11. d4 O-O 12. dxc5 Bxc5 13. Bf4 Rc8 14.
Qd3 Qe7 15. Rfd1 e5 16. Nxe5 Nxe5 17. Bxe5 Bxf2+ 18. Kxf2 Ng4+ 19. Kg1 Nxe5 20. Qd4 Bxg2 21. Kxg2 Nc4 22. e4 Nxb2 23. Nd5 Rc2+ 24. Kh1 Qc5 25. Rd2 Rxd2 26. Qxd2 Nc4 27. Qc3 b5 28.
axb5 axb5 29. Rb1 h6 30. Qb4 Qd4 31. Re1 Qf2 32. Ne7+ Kh7 33. Qc3 b4 34. Qc1 Nd2 35. Qd1 b3 36. Re2 Qf3+ 37. Kg1 Nxe4 38. Qe1 Ng5 39.
h4 Ne6 40. Re3 Qb7 41. Qb1+ Kh8 42. Nf5 b2 43. Re2 Rb8 44. Ne3 Qf3 45. Re1 Qxg3+ 46. Ng2 Nf4 47. Qc2 Qxg2+ 0-1

[Event "GrandPrix_30.05"]
[Site "Chess.com"]
[Date "2020.05.30"]
[Round "7"]
[White "GeorgMeier"]
[Black "EvgenyRomanov"]
[Result "1-0"]
[WhiteElo "2629"]
[BlackElo "2285"]
[TimeControl "600+2"]
[EndTime "11:29:04 PDT"]
[Termination "GeorgMeier won on time"]

1. Nf3 Nf6 2. g3 b6 3. Bg2 Bb7 4. c4 g6 5. O-O Bg7 6. d4 O-O 7. d5 Na6 8. Nc3 Nc5 9. Qc2 e6 10.
Rd1 exd5 11. cxd5 Re8 12. Bf4 a5 13. Rac1 Ba6 14. b3 h6 15. Be5 Rc8 16. Bd4 Qe7 17.
e3 Qd6 18. Nd2 Nd3 19. Bxf6 Nb4 20. Nde4 Nxc2 21. Nxd6 cxd6 22. Bxg7 Kxg7 23. Rxc2 Rc5 24. Bf1 Bxf1 25. Kxf1 Rec8 26. Rdc1 b5 27. Ke2 b4 28.
e4 f5 29. Kd3 bxc3 30. Rxc3 fxe4+ 31. Kd4 Rf8 32. Rxc5 dxc5+ 33. Rxc5 Rxf2 34. Rxa5 Rxh2 35. Kxe4 Kf6 36. a4 Kg5 37. Ra6 Re2+ 38. Kf3 Rd2 39. Rb6 h5 40. a5 Kf5 41. Rb4 g5 42. a6 g4+ 43. Ke3 Ra2 44. Ra4 Rc2 45. b4 h4 46.
a7 Rc3+ 47. Kd4 1-0

[Event "GrandPrix_30.05"]
[Site "Chess.com"]
[Date "2020.05.30"]
[Round "7"]
[White "IriBu"]
[Black "PresidenteMNE"]
[Result "1/2-1/2"]
[WhiteElo "2198"]
[BlackElo "2113"]
[TimeControl "600+2"]
[EndTime "11:29:06 PDT"]
[Termination "Game drawn by repetition"]

1. e4 g6 2. d4 Bg7 3. Nf3 d6 4. Bd3 Nf6 5. c3 O-O 6. O-O Nc6 7. h3 e5 8. dxe5 dxe5 9. Qe2 Nh5 10. Bg5 Qe8 11.
Na3 a6 12. Rfe1 b5 13. Nc2 Be6 14. a4 bxa4 15. Rxa4 Nd4 16. cxd4 Qxa4 17. dxe5 h6 18. Bd2 Rfd8 19. Be3 Rab8 20. Ncd4 Qa2 21. Nxe6 fxe6 22.
Bc4 Qxb2 23. Bxe6+ Kh7 24. Qxb2 Rxb2 25. g4 Rf8 26.
gxh5 Rxf3 27. hxg6+ Kxg6 28. Bf5+ Rxf5 29. exf5+ Kxf5 30. e6 Rb8 31. e7 Re8 32. Bc5 a5 33. Rd1 Ke6 34. Rd8 Kf7 35. Rd7 Be5 36. Kg2 a4 37. Kf3 h5 38. Ba3 Bd6 39. Bxd6 cxd6 40. Rxd6 Rxe7 41.
Ra6 Rb7 42. Rxa4 Rb3+ 43. Kg2 Kg6 44. f3 Rb1 45. Kg3 Rg1+ 46. Kf4 h4 47. Ra6+ Kh5 48. Ra8 Rb1 49. Rh8+ Kg6 50. Rxh4 Rb4+ 51. Kg3 Rb3 52. Rc4 Rb1 53. h4 Rg1+ 54. Kf4 Kh7 55. Rc7+ Kh6 56. Rc6+ Kh7 57. Rc5 Kh6 58. Rc6+ Kh7 59.
Rc4 Kh6 60. Kf5 Ra1 61. Rc6+ Kh5 62. f4 Ra5+ 63. Kf6 Kxh4 64. f5 Kh5 65. Ke6 Kg5 66. f6 Kg6 67. Rd6 Ra1 68. Ke7 Ra7+ 69. Ke6 Rf7 70. Ke5 Rf8 71. Rc6 Re8+ 72. Re6 Rf8 73.
Rc6 Re8+ 74. Kf4 Rf8 75. Ke5 1/2-1/2

[Event "GrandPrix_30.05"]
[Site "Chess.com"]
[Date "2020.05.30"]
[Round "7"]
[White "caspiwins"]
[Black "Zakaryan_David"]
[Result "0-1"]
[WhiteElo "2235"]
[BlackElo "1804"]
[TimeControl "600+2"]
[EndTime "11:29:11 PDT"]
[Termination "Zakaryan_David won by resignation"]

1. e4 c5 2. Nf3 Nc6 3. d4 cxd4 4.
Nxd4 Qc7 5. Nc3 e6 6. Be3 a6 7. Qd2 Nf6 8. O-O-O Bb4 9. f3 Ne5 10. Nb3 b5 11. Kb1 Be7 12. Qf2 O-O 13. Bb6 Qb8 14.
Na5 d6 15. f4 Neg4 16. Qg1 Bb7 17. h3 Nh6 18. e5 dxe5 19. fxe5 Nd5 20. Nxb7 Nxc3+ 21. bxc3 Qxb7 22. g4 Rab8 23. Bd4 Rfc8 24. Bg2 Qc7 25. Qf1 b4 26. c4 a5 27. Be4 a4 28.
Kb2 Bc5 29. Qf4 Bxd4+ 30. Rxd4 a3+ 31. Kc1 f6 32. Rd6 fxe5 33. Qd2 Qxc4 34. Qd3 Qxa2 35.
Rxe6 b3 36. Rc6 Rxc6 37. Bxc6 Qb2+ 38. Kd2 bxc2 39. Bd5+ Kh8 40. Rc1 Rf8 41. Bb3 Rf2+ 42.
Ke3 Qxc1+ 43. Kxf2 Qd1 44. Qa6 Qd2+ 45. Kg3 Qc3+ 46.
Kh4 c1=Q 47. Qd6 Qxb3 48. Qf8+ Qg8 0-1

[Event "GrandPrix_30.05"]
[Site "Chess.com"]
[Date "2020.05.30"]
[Round "7"]
[White "Karateloru"]
[Black "MiroVlasenko"]
[Result "1/2-1/2"]
[WhiteElo "2191"]
[BlackElo "2282"]
[TimeControl "600+2"]
[EndTime "11:29:19 PDT"]
[Termination "Game drawn - insufficient material"]

1. e4 c5 2. Nf3 a6 3. c4 e6 4.
Nc3 b6 5. d4 cxd4 6. Nxd4 Bb7 7.
Bd3 Qc7 8. O-O Nf6 9. Re1 Bd6 10. Nf3 Nc6 11. a3 Ne5 12. Nxe5 Bxe5 13. h3 Bxc3 14. bxc3 e5 15. Be3 d6 16. Rb1 Nd7 17.
Qb3 Kd8 18. Red1 Nc5 19. Bxc5 Qxc5 20. Qxb6+ Qxb6 21. Rxb6 Kc7 22. Rdb1 Rhb8 23. a4 Bc8 24. a5 Rxb6 25. Rxb6 Rb8 26. c5 dxc5 27. Bxa6 Bxa6 28. Rxa6 Rb1+ 29. Kh2 c4 30. Ra7+ Rb7 31. Ra8 Rb3 32. Rf8 Rxc3 33. Rxf7+ Kc6 34. a6 Ra3 35. a7 Kb6 36. f4 Rxa7 37. Rf8 c3 38. fxe5 c2 39.
Rf1 Kc5 40. Rc1 Ra2 41. Kg3 Kd4 42. e6 Kd3 43. Kf4 Ra4 44. Kf5 g6+ 45. Kf6 Rxe4 46. e7 Kd2 47. Rxc2+ Kxc2 48. Kf7 Kd2 49. e8=Q Rxe8 50. Kxe8 Ke3 51. Kf7 Kf2 52. Kg7 Kxg2 53. Kxh7 Kxh3 54. Kxg6 1/2-1/2

[Event "GrandPrix_30.05"]
[Site "Chess.com"]
[Date "2020.05.30"]
[Round "7"]
[White "grunbergmihai"]
[Black "PlayChessSimple"]
[Result "1/2-1/2"]
[WhiteElo "2290"]
[BlackElo "2189"]
[TimeControl "600+2"]
[EndTime "11:29:24 PDT"]
[Termination "Game drawn - insufficient material"]

1. Nf3 f5 2. d3 d6 3. e4 e5 4. Nc3 Nc6 5. exf5 Nge7 6. d4 exd4 7.
Nxd4 Nxd4 8. Qxd4 Nxf5 9. Qe4+ Qe7 10. Bd3 Qxe4+ 11. Nxe4 d5 12. Ng3 g6 13. Bf4 Bd6 14. Bxd6 Nxd6 15. O-O-O O-O 16. f3 c6 17. h4 Nf5 18.
Nxf5 Bxf5 19. h5 Bxd3 20. Rxd3 Rae8 21. hxg6 hxg6 22. Kd2 Kg7 23. Rh4 Rh8 24. Rxh8 Rxh8 25. Ke2 Kf6 26. Ra3 a6 27. Rb3 Rh7 28. f4 g5 29. Kf3 Re7 30. fxg5+ Kxg5 31. Re3 Rf7+ 32.
Ke2 Kg4 33. a4 a5 34. Kd3 Rf4 35. Re7 Rb4 36. b3 b6 37. Re6 c5 38. Rd6 d4 39.
Ke4 Kg3 40. Rg6+ Kf2 41. Kd3 b5 42. axb5 Rxb5 43. Kc4 Rb4+ 44. Kxc5 Ke3 45. Rd6 Rb8 46. Re6+ Kd2 47. Kxd4 Kxc2 48. Kc4 Rb4+ 49. Kd5 Rg4 50. Re2+ Kxb3 51. Ke5 a4 52. Kf5 Rg8 53. g4 a3 54. g5 a2 55. Rxa2 Kxa2 56. g6 Rxg6 57. Kxg6 1/2-1/2

[Event "GrandPrix_30.05"]
[Site "Chess.com"]
[Date "2020.05.30"]
[Round "7"]
[White "Petriashvili02"]
[Black "Igrok3069"]
[Result "1/2-1/2"]
[WhiteElo "2340"]
[BlackElo "2540"]
[TimeControl "600+2"]
[EndTime "11:29:25 PDT"]
[Termination "Game drawn by repetition"]

1. c4 c6 2. Nf3 d5 3. b3 Bg4 4. e3 e6 5. Be2 Nd7 6. Bb2 Ngf6 7. h3 Bh5 8. O-O Bd6 9. d4 O-O 10.
Nc3 Qe7 11. Re1 Ne4 12. Nxe4 dxe4 13. Ne5 Bxe2 14. Qxe2 f5 15. Nxd7 Qxd7 16. f3 exf3 17. Qxf3 Bc7 18. Ba3 Rf6 19. Rad1 Re8 20. Rf1 Qf7 21.
Bb2 Qg6 22. d5 e5 23. c5 cxd5 24. Qxd5+ Rf7 25. e4 f4 26. Rd3 h5 27. Qxb7 Bb6 28. Qd5 Rd8 29. Qc4 Bxc5+ 30. Kh1 Rxd3 31. Qxd3 Qe6 32. Qd8+ Rf8 33. Qg5 Bd4 34. Bxd4 exd4 35. Rxf4 Rxf4 36. Qxf4 d3 37. Kg1 Qd7 38. Qd2 Qd4+ 39. Kf1 Qxe4 40. Kf2 Qd4+ 41. Qe3 Qd5 42. Ke1 Kh7 43. Qf3 Qa5+ 44. Kd1 Qxa2 45. Qxh5+ Kg8 46. Qe8+ Kh7 47. Qe4+ Kh6 48. Qh4+ Kg6 49. Qe4+ Kh6 50. Qf4+ Kg6 51. Qe4+ Kf6 52. Qf4+ Kg6 53. Qe4+ 1/2-1/2

[Event "GrandPrix_30.05"]
[Site "Chess.com"]
[Date "2020.05.30"]
[Round "7"]
[White "MasterSonnevanck2"]
[Black "TheNextLevelFan"]
[Result "0-1"]
[WhiteElo "2130"]
[BlackElo "2262"]
[TimeControl "600+2"]
[EndTime "11:29:34 PDT"]
[Termination "TheNextLevelFan won by resignation"]

1. d4 d5 2. c4 dxc4 3. e4 e5 4. Nf3 exd4 5. Bxc4 Nf6 6. e5 Nd5 7. Qxd4 c6 8. O-O Be7 9. Nc3 Nxc3 10. Qxc3 O-O 11.
Rd1 Qc7 12. Bf4 Bg4 13. Re1 Qb6 14. a3 Nd7 15. Ng5 Nc5 16. Qg3 Bf5 17. e6 Nxe6 18. Nxe6 fxe6 19. Bc7 Qc5 20. Rac1 Qd4 21. Rxe6 Qxc4 22.
Rxc4 Bxe6 23. Re4 Rf6 24. Qe3 Kf7 25. f4 b6 26. b4 Bf8 27. Be5 Rg6 28. Rd4 Bd5 29. Rd2 Re8 30. Qh3 Kg8 31. Qd7 Re7 32. Qd8 Rf7 33. h3 h5 34. Kh2 Kh7 35. b5 Bxa3 36. bxc6 Bxc6 37. Qd3 Bc5 38. f5 Rg5 39. f6+ g6 40. Qc4 Rf8 41. Qe6 Rf5 42. Rd7+ Kh6 43. Qxc6 Rxe5 44. Qc7 Re6 45. Rh7+ Kg5 46. Qg3+ Kf5 47.
Qf3+ Ke5 48. Qe2+ Kxf6 49. Qf3+ Ke5 50. Qxf8 Bxf8 51. Rxa7 Bd6 52. Rb7 Kd5+ 53. Kg1 Bc5+ 54. Kf1 Kc4 0-1

[Event "GrandPrix_30.05"]
[Site "Chess.com"]
[Date "2020.05.30"]
[Round "7"]
[White "N4700000"]
[Black "Velis23"]
[Result "0-1"]
[WhiteElo "2198"]
[BlackElo "2191"]
[TimeControl "600+2"]
[EndTime "11:29:37 PDT"]
[Termination "Velis23 won on time"]

1. e4 c6 2. Nc3 d5 3. Qe2 dxe4 4. Nxe4 Nf6 5. Nxf6+ gxf6 6. b3 Bf5 7. Bb2 Nd7 8.
g4 Bg6 9. f4 h6 10. f5 Bh7 11.
Nf3 Qc7 12. O-O-O O-O-O 13. Bg2 Rg8 14. h3 h5 15. Nd4 Ne5 16. Bf3 Bh6 17. gxh5 a6 18. Bg4 c5 19. Nf3 Nxg4 20. hxg4 Rxg4 21. Nh4 Qf4 22. Ng6 fxg6 23. hxg6 Bxg6 24. fxg6 Rxg6 25.
Qxe7 Rxd2 26. Kb1 Qe3 27. Qh7 Rxd1+ 28. Rxd1 Rg1 29. Qh8+ Kc7 30. Qd8+ Kc6 31. Qd6+ Kb5 32. a4+ Ka5 33. Bc3+ Qxc3 34. Rxg1 Be3 35. Rg3 Qe1+ 36. Ka2 Bd4 37. b4+ cxb4 38. Qxd4 Qxg3 39. Qxf6 Kxa4 40. Qb6 Qf3 41. Kb2 Qc6 42. Qf2 Qc3+ 43. Kb1 b5 44. Qb6 a5 45. Qe6 b3 46. Qe4+ b4 47. cxb3+ Qxb3+ 48. Ka1 Qc3+ 49. Kb1 Ka3 50. Qe2 Qb3+ 51. Ka1 a4 0-1

[Event "GrandPrix_30.05"]
[Site "Chess.com"]
[Date "2020.05.30"]
[Round "7"]
[White "Saxar85"]
[Black "Msb2"]
[Result "1/2-1/2"]
[WhiteElo "2503"]
[BlackElo "2629"]
[TimeControl "600+2"]
[EndTime "11:29:38 PDT"]
[Termination "Game drawn by repetition"]

1. Nf3 d5 2. b3 Bg4 3. e3 e6 4.
Bb2 Nf6 5. h3 Bh5 6. d3 Nbd7 7.
Nbd2 c6 8. g4 Bg6 9. Bg2 h6 10.
Qe2 Bd6 11. Nh4 Bh7 12. f4 g5 13. Nhf3 gxf4 14. O-O-O Qe7 15. e4 e5 16. exd5 Nxd5 17. Nc4 f6 18. Nh4 O-O-O 19. Be4 Bb4 20. Bxh7 Qxh7 21.
Nf5 Kb8 22. a3 Bc3 23. Ncd6 N7b6 24. Ne4 Bxb2+ 25. Kxb2 Rhf8 26. Nc5 Rfe8 27. Ne4 Qh8 28. Rhe1 Ne7 29. Nfd6 Rf8 30. Qd2 f5 31. gxf5 Nxf5 32.
Nxf5 Rxf5 33. Rg1 Rf7 34. Rg6 h5 35. Rdg1 f3 36. Qg5 f2 37. Rf1 Rdf8 38. Rh6 Qg7 39. Qxg7 Rxg7 40. Rxf2 Rxf2 41. Nxf2 Rg2 42. Ne4 Nd5 43.
Rxh5 Ne3 44. Rxe5 Rxc2+ 45. Kb1 Rh2 46. Rh5 Kc7 47. b4 Nd5 48. Rh7+ Kb8 49. h4 Nf4 50. d4 b6 51. Nd6 Nd5 52. h5 Re2 53. Kc1 Nc3 54. Rb7+ Ka8 55. Rc7 Na2+ 56. Kd1 Nc3+ 57.
Kc1 Na2+ 58. Kb1 Nc3+ 59. Kc1 1/2-1/2

[Event "GrandPrix_30.05"]
[Site "Chess.com"]
[Date "2020.05.30"]
[Round "7"]
[White "BogdanDeac"]
[Black "LiamVrolijk"]
[Result "0-1"]
[WhiteElo "2537"]
[BlackElo "2489"]
[TimeControl "600+2"]
[EndTime "11:29:52 PDT"]
[Termination "LiamVrolijk won by resignation"]

1. e4 e5 2. Nf3 Nc6 3. Bb5 Nf6 4. d3 Bc5 5. Nbd2 d6 6. c3 O-O 7. O-O a6 8. Bxc6 bxc6 9. h3 a5 10. Re1 Re8 11. Nf1 Bb6 12. Ng3 Rb8 13. b3 h6 14.
d4 exd4 15. cxd4 d5 16. e5 Ne4 17. Nxe4 dxe4 18. Rxe4 c5 19. d5 Bb7 20. Rg4 h5 21. Rg5 Qxd5 22. Be3 Qxd1+ 23. Rxd1 g6 24. Rc1 Rbd8 25.
Bxc5 Bxf3 26. gxf3 Rd5 27. Bxb6 cxb6 28. f4 Rd4 29. Rc6 Rxf4 30. Rxb6 Rc8 31. Rf6 Rxf6 32. exf6 a4 33. bxa4 Rc2 34. a5 Rxa2 35. Rb5 Kh7 36.
Kg2 h4 37. Kf3 Kh6 38. Kg4 Rxf2 39. Kxh4 Rxf6 40. Rb4 Ra6 41. Ra4 f6 42. Kg4 Kg7 43. Kf4 Kh6 44. Ke4 Kg5 45. Kd5 f5 46. Kc5 f4 47. Kb5 Rf6 48. a6 f3 49. Ra1 Kh4 50.
a7 Rf8 51. Rf1 Kg3 52. Rg1+ Kh2 53. Ra1 f2 54. Kb6 Kxh3 55. Kb7 Kg2 56. a8=Q Rxa8 57.
Kxa8 f1=Q 58. Kb7 Qxa1 0-1

[Event "GrandPrix_30.05"]
[Site "Chess.com"]
[Date "2020.05.30"]
[Round "7"]
[White "SamadovRead"]
[Black "lelajavakhishvili"]
[Result "1-0"]
[WhiteElo "1983"]
[BlackElo "2047"]
[TimeControl "600+2"]
[EndTime "11:29:52 PDT"]
[Termination "SamadovRead won by resignation"]

1. d4 Nf6 2. c4 e6 3. g3 c5 4. Nf3 cxd4 5. Nxd4 Nc6 6. Bg2 Qb6 7. Nb3 Bb4+ 8. Bd2 O-O 9. O-O Bxd2 10. Qxd2 Ne5 11. c5 Qc7 12. Nc3 a6 13. Na4 Rb8 14. Rac1 Rd8 15.
Rfd1 Ne8 16. Qa5 d5 17. cxd6 Qxa5 18. Nxa5 Rxd6 19. Rxd6 Nxd6 20. Nb6 Kf8 21. Nxc8 Nxc8 22. Nxb7 Ne7 23. b4 N5c6 24. Rxc6 Nxc6 25. Bxc6 Rc8 26. Na5 Ke7 27. a3 Kd6 28. Bb7 Rc3 29. Bxa6 Kc7 30.
Nc4 h5 31. h4 f6 32. a4 Kb8 33. Na5 g5 34. hxg5 fxg5 35. Bc4 e5 36. Nc6+ Kc7 37.
Nxe5 Kd6 38. Nf7+ Ke7 39. Bd5 Kf6 40. a5 Ra3 41. Nd6 Ra1+ 42. Kg2 Ke5 43. Ne4 Kxd5 44. Nxg5 Ra4 45. Nh3 Rxb4 46. Nf4+ Kd6 47. Nxh5 Rb5 48. g4 Rxa5 49. f4 Ra3 50. Kf2 Ke6 51. e3 Ra1 52. Kf3 Rh1 53. Ng3 Rg1 54. g5 Ra1 55. Kg4 Rg1 56. e4 Rg2 57. Kf3 Rg1 58. Nf5 Rf1+ 59. Kg4 Rg1+ 60. Kh5 Kf7 61. Nh6+ Kg7 62. f5 Rh1+ 63.
Kg4 Rg1+ 64. Kf4 Rf1+ 65. Ke5 Rg1 66. f6+ Kg6 67. Ke6 Rxg5 68. Nf5 Rg4 69. Ne7+ Kh7 70. e5 Re4 71. f7 Kg7 72. Ng6 Rxe5+ 73. Nxe5 1-0

[Event "GrandPrix_30.05"]
[Site "Chess.com"]
[Date "2020.05.30"]
[Round "7"]
[White "VincentKeymer"]
[Black "DariaVoit"]
[Result "1-0"]
[WhiteElo "2632"]
[BlackElo "2364"]
[TimeControl "600+2"]
[EndTime "11:29:59 PDT"]
[Termination "VincentKeymer won by resignation"]

1. Nf3 Nf6 2. c4 c5 3. Nc3 Nc6 4. g3 e6 5. Bg2 d5 6. cxd5 Nxd5 7. Nxd5 Qxd5 8. b3 Be7 9. Bb2 O-O 10. O-O Bf6 11.
Bxf6 gxf6 12. Rc1 Rb8 13. Rc4 Ne7 14. d4 cxd4 15. Nxd4 Qa5 16. Qa1 Rd8 17. Rd1 Qe5 18.
Qc1 b5 19. Nf3 Rxd1+ 20. Qxd1 Qd5 21. Rd4 Qc5 22. Rd8+ Kg7 23. Qd4 Qc1+ 24. Bf1 e5 25.
Qd2 Qxd2 26. Nxd2 Rb7 27. Ne4 Rc7 28. Nd6 Rc1 29. Kg2 b4 30. Re8 Rc7 31. Rxe7 Rxe7 32. Nxc8 Rc7 33. Nd6 Rc2 34. e3 Rxa2 35. Bb5 Kf8 36.
Ba4 Rc2 37. g4 Ke7 38. Ne4 Ke6 39. h3 h6 40. Ng3 Ra2 41. Bb5 Rc2 42. Kf3 Kd6 43.
Ne4+ Ke6 44. Bd3 Rc1 45. Bc4+ Ke7 46. Ng3 a5 47. Nf5+ Kf8 48. Bb5 Rh1 49. h4 Rb1 50.
Ba4 Ra1 51. Nd6 Ke7 52. Nc4 Rh1 53. h5 f5 54. gxf5 Rxh5 55. e4 Rg5 56. Nxa5 h5 57. Nc6+ Kf6 58. Nxb4 h4 59. Nd5+ Kg7 60. f6+ Kg6 61.
Bd7 Rg1 62. b4 Rb1 63. b5 Kg5 64. b6 Rb3+ 65. Kg2 Rb2 66. Bc8 Rb3 67. b7 Rb2 68. Ne7 Kxf6 69. Nc6 Kg5 70. b8=Q Rxb8 71. Nxb8 Kf4 72. Bf5 1-0

[Event "GrandPrix_30.05"]
[Site "Chess.com"]
[Date "2020.05.30"]
[Round "7"]
[White "Anton_Demchenko"]
[Black "khekhm"]
[Result "1-0"]
[WhiteElo "2642"]
[BlackElo "2451"]
[TimeControl "600+2"]
[EndTime "11:30:03 PDT"]
[Termination "Anton_Demchenko won on time"]

1. d4 Nf6 2. Nf3 g6 3. Bf4 Bg7 4. c3 O-O 5. Nbd2 d6 6. e4 Nbd7 7. Qc2 c5 8. d5 a6 9. a4 b6 10. Be2 Rb8 11. O-O b5 12. axb5 axb5 13. h3 Re8 14. Rfd1 Qc7 15. Nb3 Ne5 16. Nxe5 dxe5 17.
Be3 c4 18. Nc5 Qd6 19. b3 cxb3 20. Qxb3 Nd7 21. Qb4 f5 22. f3 Bh6 23. Bf2 fxe4 24. Nxe4 Qxb4 25. cxb4 Nf6 26. Ra5 Nxe4 27. fxe4 Bd7 28.
Ra7 Red8 29. Bc5 Kf7 30. Bg4 Ke8 31. Rda1 Bg5 32. Be2 h5 33. R1a6 Bf6 34. Kf2 Rdc8 35. g4 hxg4 36. Bxg4 Bxg4 37. hxg4 Rd8 38. g5 Bxg5 39.
Rxg6 Bh4+ 40. Kf3 Kf7 41. Re6 Rf8 42. Kg4 Bf6 43. Bxe7 Bxe7 44. Raxe7+ Kg8 45. Rh6 Rf4+ 46. Kg5 Rxe4 47. d6 Re1 48. Kf5 Rf8+ 49. Ke6 e4 50.
Rg6+ Kh8 51. Rgg7 Rf2 52. d7 Rd1 53. Rgf7 Rxf7 54. Kxf7 e3 55. Ke8 Kg8 56. d8=Q Rxd8+ 57. Kxd8 e2 58. Rxe2 1-0

[Event "GrandPrix_30.05"]
[Site "Chess.com"]
[Date "2020.05.30"]
[Round "7"]
[White "Ave_Mariia"]
[Black "Natalya_Buksa"]
[Result "1/2-1/2"]
[WhiteElo "2197"]
[BlackElo "2105"]
[TimeControl "600+2"]
[EndTime "11:30:03 PDT"]
[Termination "Game drawn by agreement"]

1. c4 e6 2. g3 Nf6 3. Nf3 d5 4. Bg2 Be7 5. O-O O-O 6. d4 dxc4 7. Qc2 c6 8. Qxc4 b5 9. Qc2 Bb7 10. Rd1 Nbd7 11. Nc3 Qb6 12. e4 c5 13. e5 Nd5 14. Nxd5 Bxd5 15. Be3 h6 16. Rac1 Rac8 17. Qd2 Qb7 18. Ne1 Bxg2 19. Nxg2 cxd4 20. Qxd4 Nb6 21. Qg4 Kh7 22. Nf4 Nc4 23. Nh5 Rg8 24. Bd4 Rcd8 25. Bc3 Nb6 26. Rxd8 Bxd8 27. Rd1 g6 28. Nf6+ Bxf6 29.
exf6 Nd5 30. Qe4 Qc6 31. h4 h5 32. Bd2 Qc4 33. Qe5 g5 34. hxg5 Qc2 35. Qe2 Kg6 36. Rc1 Qf5 37. Qxb5 h4 38. Qc4 hxg3 39. fxg3 Rh8 40.
Qc2 Rb8 41. g4 Qxc2 42. Rxc2 Rb5 43. Kg2 a6 44. Kg3 a5 45. Bc1 Nb4 46. Rh2 Rxg5 47. Bxg5 Kxg5 48. Rh5+ Kxf6 49. Rxa5 Nd3 50. g5+ Kg6 51. b3 e5 52. Rd5 e4 53. a4 Nc1 54. b4 e3 55. Kf3 e2 56. Kf2 f6 57.
gxf6 Kxf6 58. Rc5 Nd3+ 59. Kxe2 Nxc5 60. bxc5 Ke5 61. Kd3 Kd5 62. Kc3 Kxc5 63. Kb3 Kb6 64. Kb4 Ka7 65. a5 Ka8 66. Kb5 Ka7 1/2-1/2

[Event "GrandPrix_30.05"]
[Site "Chess.com"]
[Date "2020.05.30"]
[Round "7"]
[White "Glek_Igor"]
[Black "switlave"]
[Result "1/2-1/2"]
[WhiteElo "2439"]
[BlackElo "2279"]
[TimeControl "600+2"]
[EndTime "11:30:05 PDT"]
[Termination "Game drawn by repetition"]

1. e4 c6 2. c4 d5 3. cxd5 cxd5 4. exd5 Nf6 5. Nc3 Nxd5 6. Nf3 Nc6 7. Bb5 e6 8. O-O Be7 9. d4 O-O 10. Re1 Bf6 11. Bxc6 bxc6 12. Ne4 a5 13. Bg5 Bxg5 14. Nexg5 h6 15. Ne4 Qb6 16. b3 a4 17. Rc1 axb3 18.
axb3 Rb8 19. Nc5 Rd8 20. Ne5 Ne7 21. Qh5 Rf8 22. Ned7 Bxd7 23. Nxd7 Qxb3 24. Qc5 Nf5 25. Nxf8 Rxf8 26. Rb1 Qd5 27. Rb4 h5 28. h3 h4 29. Re5 Qd7 30. Qb6 Rd8 31. Re4 Kh7 32.
Rc4 Rc8 33. Rc5 Kg8 34. Ra5 Qd6 35. Qb7 Rb8 36. Ra8 Rxa8 37. Qxa8+ Kh7 38. Qe8 Qc7 39. Qf8 Qb7 40. Rg4 Qc7 41. Qc5 Qd7 42. Qe5 Qb7 43. Qe4 Kg8 44. Qf4 Qb6 45. Qe5 Qb7 46. Kh2 Qb6 47.
Re4 Qb2 48. Rf4 Qc2 49. Qc5 Qd2 50. Rg4 Qxf2 51. Qxc6 Nxd4 52. Qa8+ Kh7 53. Qe4+ Nf5 54. Rf4 Qg3+ 55. Kh1 g6 56. Rg4 Qf2 57. Qb7 Ng3+ 58. Kh2 Nf1+ 59. Kh1 Ng3+ 60. Kh2 Nf1+ 61. Kh1 Ng3+ 1/2-1/2